 Dungeon Crawl Stone Soup version 0.17-a0-2099-g910b1c6 (webtiles) character file.

623 Horrz the Vandal (level 7, -5/47 HPs)
             Began as a Halfling Hunter on Oct 18, 2015.
             Was a Follower of Okawaru.
             Slain by an iguana (7 damage)
             ... on level 5 of the Dungeon.
             The game lasted 00:25:54 (4632 turns).

Horrz the Vandal (Halfling Hunter)                  Turns: 4632, Time: 00:25:54

Health: -5/47      AC:  3    Str: 12    XL:     7   Next: 75%
Magic:  7/7        EV: 16    Int: 10    God:    Okawaru [*.....]
Gold:   201        SH:  0    Dex: 17    Spells: 0 memorised, 6 levels left

rFire  + . .     SeeInvis .     p - +0 short sword (flame)
rCold  x . .     Clarity  .     d - +0 leather armour
rNeg   . . .     SustAt   .     (shield restricted)
rPois  .         Gourm    .     (no helmet)
rElec  .         Spirit   .     (no cloak)
rCorr  .         Warding  .     (no gloves)
rMut   .         Stasis   .     (no boots)
MR     .....                    (no amulet)
Stlth  ++........               c - ring of invisibility
                                u - ring of fire

@: lethally poisoned (-5 -> -6), hasted, very quick, not resistant to hostile
enchantments, unstealthy
A: mutation resistance 1
a: Heroism, Renounce Religion, Evoke Invisibility


You were on level 5 of the Dungeon.
You worshipped Okawaru.
Okawaru was aware of your devotion.
You were very hungry.

You visited 2 branches of the dungeon, and saw 6 of its levels.

You collected 201 gold pieces.

Inventory:

Hand Weapons
 a - a +1 hunting sling
 p - a +0 short sword of flaming (weapon)
Missiles
 b - 37 sling bullets
 f - 181 stones (quivered)
 B - 13 sling bullets of flame
Armour
 d - a +0 leather armour (worn)
Jewellery
 c - a ring of invisibility (right hand)
 n - an uncursed ring of wizardry
 u - a ring of fire (left hand)
Scrolls
 g - 3 scrolls of remove curse
 h - 8 scrolls of identify
 i - a scroll of fear
 j - a scroll of fog {unknown}
 k - a scroll of noise {unknown}
 l - a scroll of enchant weapon {unknown}
 r - 2 scrolls of amnesia {unknown}
 s - 2 scrolls of recharging {unknown}
Potions
 m - 2 potions of haste
 q - a potion of mutation {unknown}
 v - a potion of might {unknown}
 A - a potion of lignification {unknown}
Books
 t - a book of Changes

   Spells                             Type                      Level
   a - Beastly Appendage              Transmutation                1
   b - Sticks to Snakes               Transmutation                2
   c - Spider Form                    Transmutation/Poison         3
   d - Ice Form                       Ice/Transmutation            4
   e - Blade Hands                    Transmutation                5
 y - a book of Power

   Spells                             Type                      Level
   a - Fulminant Prism                Conjuration/Hexes            4
   b - Iskenderun's Mystic Blast      Conjuration                  4
   c - Venom Bolt                     Conjuration/Poison           5
   d - Bolt of Magma                  Conjuration/Fire/Earth       5
   e - Iron Shot                      Conjuration/Earth            6
   f - Orb of Destruction             Conjuration                  7
   g - Spellforged Servitor           Conjuration/Summoning        7
Comestibles
 e - 6 bread rations
 o - a slice of pizza
 x - 8 fruits
 z - a beef jerky


   Skills:
 + Level 3.7 Fighting
 + Level 4.5 Short Blades
 + Level 7.8 Slings
 + Level 3.1 Armour
 + Level 4.1 Dodging
 - Level 1.1 Stealth


You had 6 spell levels left.
You didn't know any spells.

Dungeon Overview and Level Annotations

Branches:
Dungeon (5/15)             Temple (1/1) D:4

Altars:
Ashenzari
Cheibriados
Dithmenos
Elyvilon
Fedhas
Kikubaaqudgha
Makhleb
Nemelex Xobeh
Okawaru
Qazlal
Ru
Sif Muna
Trog
Xom
Yredelemnul
Zin


Innate Abilities, Weirdness & Mutations

You are small and have problems with some larger weapons.
You are somewhat resistant to further mutation.


Message History

* * * LOW HITPOINT WARNING * * *
You hit the iguana. You burn the iguana.
The iguana is heavily wounded.
The iguana misses you.
You closely miss the iguana.
The iguana is heavily wounded.
You feel sick. The iguana bites you.
* * * LOW HITPOINT WARNING * * *
An orc comes into view. It is wielding a quarterstaff.
* * * LOW HITPOINT WARNING * * *
You feel sick.
You see here a throwing net.
The iguana hisses menacingly.
* * * LOW HITPOINT WARNING * * *
You feel sick.
Drink which item? (? for menu, Esc to quit)
It was a potion of haste.
You feel yourself speed up.
* * * LOW HITPOINT WARNING * * *
You feel sick. The iguana bites you!
You die...

o..(...
..... ...
#)# #)#
#.# #(#
########.#
#....@l..#
#.########
#.#####
#.....#
#####.#
#.# #.#
#.# #.#


You could see an iguana.

Vanquished Creatures
  2 ogres
  A giant frog (D:4)
  A scorpion (D:4)
  Jessica (D:2)
  An orc wizard (D:4)
  An iguana (D:4)
  3 worker ants
  A hound skeleton (D:4)
  7 adders
  3 gnolls (D:5)
  3 oozes (D:1)
  2 worms (D:4)
  A giant gecko (D:2)
  7 orcs
  2 giant cockroaches (D:1)
  4 goblins
  7 hobgoblins
  11 jackals
  8 kobolds
  2 quokkas
  2 ball pythons (D:3)
  12 bats
  A giant gecko skeleton (D:4)
  4 giant newts
  A quokka skeleton (D:4)
  9 rats
97 creatures vanquished.

Notes
Turn   | Place    | Note
--------------------------------------------------------------
     0 | D:1      | Horrz the Halfling Hunter began the quest for the Orb.
     0 | D:1      | Reached XP level 1. HP: 14/14 MP: 1/1
   123 | D:1      | Reached skill level 6 in Slings
   123 | D:1      | Reached XP level 2. HP: 13/19 MP: 2/2
   273 | D:1      | Reached skill level 1 in Short Blades
   336 | D:1      | Reached XP level 3. HP: 16/24 MP: 3/3
  1050 | D:1      | Reached skill level 1 in Armour
  1151 | D:2      | Noticed Jessica
  1155 | D:2      | Killed Jessica
  1155 | D:2      | Reached XP level 4. HP: 28/30 MP: 4/4
  1325 | D:2      | Reached XP level 5. HP: 26/35 MP: 5/5
  2332 | D:3      | Found an iron altar of Okawaru.
  2335 | D:3      | Became a worshipper of Warmaster Okawaru
  2949 | D:4      | Reached skill level 7 in Slings
  2949 | D:4      | Reached XP level 6. HP: 36/42 MP: 6/6
  3638 | D:4      | Noticed an ogre
  3644 | D:4      | Killed an ogre
  3644 | D:4      | Reached * piety under Okawaru
  3644 | D:4      | Reached XP level 7. HP: 46/46 MP: 7/7
  3728 | D:4      | Found a staircase to the Ecumenical Temple.
  3748 | Temple   | Entered the Ecumenical Temple
  4315 | D:4      | Found a stormy altar of Qazlal.
  4318 | D:4      | Found a basalt altar of Yredelemnul.
  4321 | D:4      | Found a shimmering altar of Xom.
  4424 | D:5      | Entered Level 5 of the Dungeon
  4632 | D:5      | HP: 2/47 [poisoned by a worker ant]
  4632 | D:5      | Slain by an iguana

Vault maps used:
D:1:      matt_arrival_spirals, minmay_misc_feat_square, minmay_misc_feat_room
D:2:      first_bread, uniq_jessica
D:3:      lemuel_doored_altar
D:4:      grunt_temple_overflow_diamond, minmay_temple_entry_trees,
          eino_small_chamber_without_monster, minmay_misc_feat_nine_boxes
D:5:      overflow_temple_1_default, uniq_pikel
Temple:   triangle_lava_temple_12

Action                   |  1- 3 |  4- 6 |  7- 9 || total
-------------------------+-------+-------+-------++-------
Melee: Short sword       |    32 |   100 |    41 ||   173
 Fire: Hunting sling     |    72 |    93 |    60 ||   225
Throw: Stone             |     3 |     3 |       ||     6
  Use: Scroll            |       |     3 |     1 ||     4
       Potion            |       |     2 |     1 ||     3
 Stab: Sleeping          |       |     2 |     2 ||     4
  Eat: Chunk             |       |     8 |     2 ||    10
